[ PARTIDA AOE2 · #465645379 ]
UnrankedMagiares vs Vietnamese
[ ANÁLISIS DE REPETICIÓN · EXTRAÍDO DE LA PARTIDA GRABADA ]
Feudal
15:21
Castillos
19:26
Imperial
—
| APM promedio | 19.6 |
| APM pico | 46 |
| eAPM promedio | 11.1 |
| Aldeanos / militares | 59 / 19 |
Foco
⚔️ 20.6% · 🌾 79.4%
Cavalry Archer ×16 · Mangonel ×2 · Archer ×1
Feudal
15:07
Castillos
18:40
Imperial
36:57
| APM promedio | 48.7 |
| APM pico | 83 |
| eAPM promedio | 20.7 |
| Aldeanos / militares | 129 / 84 |
Foco
⚔️ 23.2% · 🌾 76.8%
Kamayuk ×74 · Battering Ram ×6 · Spearman ×4
Feudal
15:45
Castillos
19:20
Imperial
—
| APM promedio | 21.3 |
| APM pico | 67 |
| eAPM promedio | 9.9 |
| Aldeanos / militares | 45 / 24 |
Foco
⚔️ 27.6% · 🌾 72.4%
Militia ×19 · Scorpion ×2 · Battering Ram ×2 · Spearman ×1
Feudal
13:59
Castillos
17:37
Imperial
37:38
| APM promedio | 34.9 |
| APM pico | 74 |
| eAPM promedio | 16.9 |
| Aldeanos / militares | 108 / 124 |
Foco
⚔️ 32.8% · 🌾 67.2%
Rattan Archer ×66 · Spearman ×47 · Fire Lancer ×7 · Battering Ram ×3 · Trebuchet (Packed) ×1
Feudal
13:47
Castillos
17:22
Imperial
34:15
| APM promedio | 34.1 |
| APM pico | 81 |
| eAPM promedio | 21.9 |
| Aldeanos / militares | 142 / 68 |
Foco
⚔️ 33.3% · 🌾 66.7%
Serjeant ×65 · Trebuchet (Packed) ×2 · Mangonel ×1
Feudal
—
Castillos
—
Imperial
—
| APM promedio | 53.3 |
| APM pico | 136 |
| eAPM promedio | 26.4 |
| Aldeanos / militares | 193 / 200 |
Foco
⚔️ 50.4% · 🌾 49.6%
Knight ×184 · Battering Ram ×11 · Scout Cavalry ×3 · Scorpion ×2
Feudal
12:50
Castillos
19:37
Imperial
37:03
| APM promedio | 65.3 |
| APM pico | 139 |
| eAPM promedio | 26.3 |
| Aldeanos / militares | 122 / 84 |
Foco
⚔️ 31.2% · 🌾 68.8%
Eagle Scout ×77 · Jaguar Warrior ×5 · Monk ×1 · Militia ×1
Feudal
13:51
Castillos
18:08
Imperial
—
| APM promedio | 12.9 |
| APM pico | 43 |
| eAPM promedio | 5.9 |
| Aldeanos / militares | 57 / 2 |
Foco
⚔️ 17.2% · 🌾 82.8%
Spearman ×2
Mapa de la partida
Recursos iniciales + cada clic de construcción. Líneas = muros · curvas = relieve. ◆ oro · ⬟ piedra · ● bayas · ✦ reliquia · ◌ hueco del cierre
Tu base· Abierta — flanco sin cerrar
Base de time to eat· Abierta — flanco sin cerrar
Base de sillyoyo· Abierta — flanco sin cerrar
Base de hiwu5743· Abierta — flanco sin cerrar
Base de bitotapi· Abierta — flanco sin cerrar
Base de TheEverestHeart· Abierta — flanco sin cerrar
Base de Koalajoey· Abierta — flanco sin cerrar
Base de pjg96878· Abierta — hueco de 4t
Terreno inicial suavizado · ◌ = hueco del cierre detectado · pasá el cursor para detalles
Inputs por minuto
— Nozyspy - - time to eat
Build order — Nozyspy
Primeras 150 de 165 acciones detectadas
| 0:25 | Construir | Town Center |
| 1:50 | Construir | House |
| 1:51 | Construir | House |
| 2:39 | Crear | Villager (Male) |
| 2:39 | Crear | Villager (Male) |
| 2:40 | Crear | Villager (Male) |
| 2:40 | Crear | Villager (Male) |
| 2:40 | Crear | Villager (Male) |
| 4:30 | Investigar | Loom |
| 5:09 | Crear | Villager (Male) |
| 5:33 | Crear | Villager (Male) |
| 6:04 | Crear | Villager (Male) |
| 6:26 | Crear | Villager (Male) |
| 6:39 | Construir | Palisade Gate |
| 7:10 | Crear | Villager (Male) |
| 7:10 | Crear | Villager (Male) |
| 7:26 | Crear | Villager (Male) |
| 7:44 | Construir | House |
| 7:45 | Construir | House |
| 7:54 | Crear | Villager (Male) |
| 7:54 | Crear | Villager (Male) |
| 8:00 | Construir | Mill |
| 8:28 | Crear | Villager (Male) |
| 8:48 | Crear | Villager (Male) |
| 9:18 | Crear | Villager (Male) |
| 10:26 | Crear | Villager (Male) |
| 10:26 | Crear | Villager (Male) |
| 11:00 | Crear | Villager (Male) |
| 11:41 | Crear | Villager (Male) |
| 11:46 | Construir | Lumber Camp |
| 12:21 | Crear | Villager (Male) |
| 12:24 | Crear | Villager (Male) |
| 12:31 | Investigar | Feudal Age |
| 13:31 | Construir | Mining Camp |
| 13:41 | Construir | Palisade Wall |
| 13:46 | Construir | Palisade Wall |
| 13:47 | Construir | Palisade Wall |
| 14:34 | Construir | House |
| 14:58 | Construir | Mining Camp |
| 15:21 | Edad | Edad Feudal |
| 15:23 | Construir | Blacksmith |
| 15:39 | Crear | Villager (Male) |
| 15:39 | Crear | Villager (Male) |
| 15:54 | Construir | Market |
| 16:16 | Construir | Palisade Wall |
| 16:46 | Investigar | Castle Age |
| 17:07 | Construir | Barracks |
| 17:25 | Construir | Palisade Wall |
| 18:03 | Construir | Archery Range |
| 18:39 | Construir | House |
| 18:40 | Construir | House |
| 19:26 | Edad | Edad de los Castillos |
| 19:28 | Construir | Castle |
| 20:24 | Crear | Villager (Male) ×2 |
| 21:14 | Crear | Cavalry Archer |
| 21:15 | Crear | Cavalry Archer |
| 21:32 | Construir | Mill |
| 21:37 | Construir | Farm |
| 21:38 | Construir | Farm |
| 21:38 | Construir | Farm |
| 21:38 | Construir | Farm |
| 21:39 | Construir | Farm |
| 21:46 | Crear | Villager (Male) |
| 22:04 | Crear | Cavalry Archer |
| 22:21 | Construir | Farm |
| 22:49 | Crear | Cavalry Archer |
| 23:04 | Construir | Farm |
| 23:07 | Crear | Villager (Male) |
| 25:23 | Construir | Town Center |
| 25:44 | Investigar | Double-Bit Axe |
| 26:14 | Construir | Town Center |
| 27:31 | Crear | Villager (Male) ×2 |
| 27:39 | Construir | House |
| 27:40 | Construir | House |
| 28:16 | Crear | Villager (Male) |
| 28:26 | Construir | House |
| 28:26 | Construir | House |
| 28:46 | Crear | Villager (Male) |
| 29:45 | Construir | Siege Workshop |
| 30:22 | Construir | House |
| 30:23 | Construir | House |
| 31:28 | Construir | Town Center |
| 31:37 | Construir | Stone Wall |
| 31:44 | Construir | Stone Wall |
| 31:57 | Construir | Stone Wall |
| 32:05 | Crear | Villager (Male) |
| 32:06 | Crear | Villager (Male) |
| 32:52 | Construir | Market |
| 32:56 | Crear | Villager (Male) |
| 33:07 | Crear | Villager (Male) |
| 33:20 | Crear | Villager (Male) |
| 33:20 | Crear | Villager (Male) |
| 33:20 | Crear | Villager (Male) |
| 33:37 | Construir | Blacksmith |
| 34:03 | Crear | Villager (Male) |
| 34:15 | Crear | Mangonel |
| 34:30 | Construir | House |
| 34:41 | Construir | House |
| 34:44 | Investigar | Fletching |
| 34:54 | Construir | Gate |
| 35:14 | Crear | Villager (Male) |
| 35:18 | Construir | Archery Range |
| 35:27 | Crear | Villager (Male) |
| 35:36 | Crear | Mangonel |
| 36:13 | Crear | Villager (Male) |
| 36:16 | Crear | Villager (Male) |
| 36:22 | Crear | Cavalry Archer |
| 36:22 | Crear | Cavalry Archer |
| 36:35 | Construir | Farm |
| 36:36 | Construir | Farm |
| 36:37 | Construir | Farm |
| 36:38 | Construir | Farm |
| 36:42 | Construir | Farm |
| 36:43 | Construir | Farm |
| 36:48 | Construir | Farm |
| 36:56 | Crear | Cavalry Archer |
| 37:16 | Crear | Villager (Male) |
| 37:17 | Crear | Villager (Male) |
| 37:37 | Construir | Castle |
| 37:44 | Investigar | Town Watch |
| 37:52 | Construir | Farm |
| 37:52 | Construir | Farm |
| 37:54 | Construir | Farm |
| 37:58 | Construir | Farm |
| 38:00 | Construir | Farm |
| 38:03 | Construir | Farm |
| 38:04 | Construir | Farm |
| 38:06 | Construir | Farm |
| 38:07 | Construir | Farm |
| 38:36 | Crear | Cavalry Archer |
| 38:36 | Crear | Cavalry Archer |
| 38:45 | Crear | Villager (Male) |
| 39:04 | Crear | Archer |
| 39:06 | Crear | Cavalry Archer |
| 39:10 | Investigar | Padded Archer Armor |
| 39:44 | Construir | Town Center |
| 40:04 | Construir | Farm |
| 40:05 | Construir | Farm |
| 40:14 | Investigar | Bodkin Arrow |
| 40:17 | Crear | Villager (Male) |
| 40:48 | Construir | Farm |
| 40:50 | Construir | Farm |
| 40:53 | Construir | Farm |
| 40:58 | Crear | Cavalry Archer |
| 40:58 | Crear | Cavalry Archer |
| 41:19 | Construir | Stable |
| 41:22 | Crear | Villager (Male) |
| 41:22 | Crear | Villager (Male) |
| 41:26 | Crear | Villager (Male) |
| 42:11 | Crear | Cavalry Archer |
Build order — time to eat
Primeras 150 de 369 acciones detectadas
| 0:30 | Construir | Town Center |
| 2:06 | Crear | Villager (Male) |
| 2:06 | Crear | Villager (Male) |
| 2:06 | Crear | Villager (Male) |
| 2:07 | Crear | Villager (Male) |
| 2:13 | Construir | House |
| 3:32 | Crear | Villager (Male) |
| 3:33 | Crear | Villager (Male) |
| 3:37 | Construir | House |
| 3:55 | Crear | Villager (Male) |
| 3:55 | Crear | Villager (Male) |
| 4:37 | Investigar | Loom |
| 4:58 | Crear | Villager (Male) |
| 4:58 | Crear | Villager (Male) |
| 4:58 | Crear | Villager (Male) |
| 6:02 | Construir | House |
| 6:11 | Crear | Villager (Male) |
| 6:11 | Crear | Villager (Male) |
| 6:38 | Crear | Villager (Male) |
| 6:50 | Construir | House |
| 6:57 | Construir | House |
| 7:07 | Crear | Villager (Male) |
| 7:07 | Crear | Villager (Male) |
| 7:11 | Construir | House |
| 7:34 | Crear | Villager (Male) |
| 7:34 | Crear | Villager (Male) |
| 7:46 | Construir | Palisade Wall |
| 8:30 | Construir | Settlement |
| 8:39 | Construir | Palisade Wall |
| 8:41 | Crear | Villager (Male) |
| 8:41 | Crear | Villager (Male) |
| 8:41 | Crear | Villager (Male) |
| 8:49 | Construir | Palisade Wall |
| 9:40 | Crear | Villager (Male) |
| 9:40 | Crear | Villager (Male) |
| 9:40 | Crear | Villager (Male) |
| 9:40 | Crear | Villager (Male) |
| 9:40 | Crear | Villager (Male) |
| 9:41 | Crear | Villager (Male) |
| 9:41 | Crear | Villager (Male) |
| 10:13 | Construir | House |
| 10:27 | Crear | Villager (Male) |
| 11:49 | Construir | Farm |
| 11:51 | Construir | Farm |
| 12:10 | Construir | Barracks |
| 12:30 | Crear | Villager (Male) |
| 12:36 | Investigar | Feudal Age |
| 12:36 | Investigar | Feudal Age |
| 13:03 | Construir | Farm |
| 13:22 | Construir | Farm |
| 14:19 | Crear | Villager (Male) |
| 15:05 | Construir | Farm |
| 15:07 | Edad | Edad Feudal |
| 15:13 | Construir | Market |
| 15:20 | Construir | Blacksmith |
| 16:00 | Investigar | Castle Age |
| 16:00 | Investigar | Castle Age |
| 16:12 | Construir | Settlement |
| 16:30 | Investigar | Double-Bit Axe |
| 16:51 | Crear | Spearman |
| 16:51 | Crear | Spearman |
| 17:16 | Investigar | Stone Mining |
| 17:30 | Crear | Villager (Male) |
| 17:40 | Crear | Spearman |
| 17:40 | Crear | Spearman |
| 18:40 | Edad | Edad de los Castillos |
| 18:45 | Construir | Castle |
| 18:49 | Crear | Villager (Male) |
| 19:25 | Crear | Villager (Male) |
| 19:25 | Crear | Villager (Male) |
| 19:25 | Crear | Villager (Male) |
| 19:25 | Crear | Villager (Male) |
| 20:03 | Construir | Siege Workshop |
| 20:17 | Crear | Battering Ram |
| 20:17 | Crear | Battering Ram |
| 20:27 | Crear | Villager (Male) |
| 20:37 | Construir | Settlement |
| 20:57 | Crear | Kamayuk |
| 21:26 | Crear | Battering Ram |
| 21:26 | Crear | Battering Ram |
| 21:27 | Crear | Villager (Male) |
| 22:05 | Construir | Farm |
| 22:06 | Construir | Farm |
| 22:07 | Construir | Farm |
| 22:07 | Construir | Farm |
| 22:21 | Crear | Villager (Male) |
| 22:25 | Construir | Farm |
| 22:25 | Construir | Farm |
| 22:39 | Crear | Battering Ram |
| 22:44 | Crear | Villager (Male) |
| 23:04 | Construir | Farm |
| 23:05 | Construir | Farm |
| 23:16 | Crear | Villager (Male) |
| 23:16 | Crear | Villager (Male) |
| 23:33 | Crear | Battering Ram |
| 23:44 | Crear | Villager (Male) |
| 23:46 | Crear | Kamayuk |
| 24:22 | Crear | Kamayuk |
| 24:22 | Crear | Kamayuk |
| 24:23 | Crear | Villager (Male) |
| 24:23 | Crear | Villager (Male) |
| 24:26 | Construir | Farm |
| 24:27 | Construir | Farm |
| 24:29 | Construir | Farm |
| 24:30 | Construir | Farm |
| 24:30 | Construir | Farm |
| 24:52 | Construir | Town Center |
| 25:46 | Investigar | Town Watch |
| 25:53 | Crear | Kamayuk |
| 25:54 | Crear | Kamayuk |
| 26:10 | Crear | Villager (Male) |
| 26:10 | Crear | Villager (Male) |
| 26:16 | Crear | Villager (Male) |
| 26:16 | Crear | Villager (Male) |
| 26:16 | Crear | Villager (Male) |
| 26:16 | Crear | Villager (Male) |
| 26:24 | Construir | Town Center |
| 26:50 | Crear | Villager (Male) |
| 26:51 | Crear | Villager (Male) |
| 27:08 | Construir | Farm |
| 27:09 | Construir | Farm |
| 27:39 | Investigar | Wheelbarrow |
| 27:45 | Construir | Farm |
| 27:46 | Construir | Farm |
| 27:47 | Construir | Farm |
| 27:47 | Construir | Farm |
| 27:50 | Crear | Villager (Male) |
| 27:50 | Crear | Villager (Male) |
| 27:51 | Crear | Villager (Male) |
| 28:11 | Crear | Villager (Male) |
| 28:11 | Crear | Villager (Male) |
| 28:12 | Crear | Villager (Male) |
| 28:36 | Crear | Villager (Male) |
| 28:36 | Crear | Villager (Male) |
| 28:36 | Crear | Villager (Male) |
| 28:37 | Crear | Villager (Male) |
| 28:42 | Construir | Farm |
| 28:45 | Construir | Farm |
| 28:46 | Construir | Farm |
| 28:49 | Construir | Farm |
| 28:58 | Construir | Farm |
| 28:59 | Construir | Farm |
| 29:51 | Crear | Villager (Male) |
| 29:51 | Crear | Villager (Male) |
| 29:51 | Crear | Villager (Male) |
| 29:52 | Crear | Villager (Male) |
| 29:52 | Crear | Villager (Male) |
| 29:52 | Crear | Villager (Male) |
| 29:52 | Crear | Villager (Male) |
| 29:52 | Crear | Villager (Male) |
Build order — sillyoyo
131 acciones detectadas en el replay
| 1:56 | Construir | Town Center |
| 2:01 | Construir | Town Center |
| 2:49 | Construir | House |
| 3:44 | Construir | House |
| 3:59 | Crear | Villager (Male) |
| 4:00 | Crear | Villager (Male) |
| 4:00 | Crear | Villager (Male) |
| 4:19 | Crear | Villager (Male) |
| 4:19 | Crear | Villager (Male) |
| 4:53 | Crear | Villager (Male) |
| 5:39 | Crear | Villager (Male) |
| 5:39 | Crear | Villager (Male) |
| 5:44 | Construir | House |
| 6:01 | Crear | Villager (Male) |
| 6:40 | Crear | Villager (Male) |
| 6:40 | Crear | Villager (Male) |
| 7:13 | Crear | Villager (Male) |
| 7:45 | Crear | Villager (Male) |
| 7:46 | Crear | Villager (Male) |
| 8:09 | Crear | Villager (Male) |
| 8:09 | Crear | Villager (Male) |
| 8:14 | Construir | House |
| 8:18 | Construir | House |
| 8:25 | Crear | Villager (Male) |
| 8:39 | Crear | Villager (Male) |
| 8:40 | Crear | Villager (Male) |
| 9:06 | Crear | Villager (Male) |
| 9:06 | Crear | Villager (Male) |
| 9:06 | Crear | Villager (Male) |
| 9:09 | Construir | Mill |
| 9:34 | Construir | House |
| 10:01 | Crear | Villager (Male) |
| 10:21 | Construir | Barracks |
| 10:24 | Construir | Barracks |
| 10:33 | Crear | Villager (Male) |
| 10:34 | Crear | Villager (Male) |
| 11:26 | Construir | House |
| 11:29 | Crear | Villager (Male) |
| 12:09 | Investigar | Feudal Age |
| 12:09 | Investigar | Feudal Age |
| 12:14 | Crear | Villager (Male) |
| 12:15 | Investigar | Loom |
| 12:15 | Investigar | Feudal Age |
| 12:43 | Construir | Mill |
| 12:52 | Crear | Villager (Male) |
| 12:55 | Investigar | Feudal Age |
| 13:14 | Construir | Lumber Camp |
| 14:23 | Crear | Villager (Male) |
| 14:23 | Crear | Villager (Male) |
| 15:45 | Edad | Edad Feudal |
| 15:46 | Construir | Blacksmith |
| 16:05 | Investigar | Horse Collar |
| 16:09 | Construir | Farm |
| 16:15 | Construir | Siege Workshop |
| 16:28 | Construir | Farm |
| 16:37 | Crear | Spearman |
| 16:40 | Investigar | Castle Age |
| 16:40 | Investigar | Castle Age |
| 16:46 | Construir | Farm |
| 16:48 | Construir | Farm |
| 17:17 | Crear | Militia |
| 17:21 | Crear | Battering Ram |
| 17:43 | Crear | Villager (Male) |
| 17:47 | Crear | Militia |
| 17:50 | Construir | House |
| 18:03 | Crear | Militia |
| 18:03 | Crear | Militia |
| 18:03 | Crear | Militia |
| 18:07 | Investigar | Man-at-Arms (upgrade) |
| 18:11 | Crear | Militia |
| 18:21 | Crear | Villager (Male) |
| 18:29 | Construir | House |
| 18:33 | Construir | Farm |
| 18:36 | Construir | Farm |
| 18:48 | Crear | Battering Ram |
| 18:55 | Construir | House |
| 19:01 | Construir | Palisade Wall |
| 19:04 | Construir | House |
| 19:04 | Construir | House |
| 19:17 | Construir | Farm |
| 19:20 | Edad | Edad de los Castillos |
| 19:23 | Crear | Villager (Male) |
| 19:37 | Crear | Militia |
| 19:39 | Construir | Farm |
| 19:41 | Construir | Farm |
| 19:45 | Construir | Farm |
| 20:00 | Crear | Militia |
| 20:00 | Crear | Militia |
| 20:05 | Construir | Farm |
| 20:08 | Construir | Farm |
| 20:20 | Construir | Farm |
| 20:26 | Crear | Militia |
| 20:39 | Construir | Farm |
| 20:46 | Crear | Militia |
| 20:46 | Crear | Militia |
| 20:57 | Crear | Militia |
| 21:00 | Construir | Farm |
| 21:04 | Construir | Farm |
| 21:14 | Construir | House |
| 21:18 | Construir | House |
| 21:21 | Construir | House |
| 21:26 | Crear | Militia |
| 21:27 | Crear | Militia |
| 21:30 | Investigar | Long Swordsman (upgrade) |
| 21:43 | Crear | Villager (Male) |
| 21:52 | Construir | House |
| 21:53 | Construir | House |
| 22:04 | Crear | Militia |
| 22:09 | Investigar | Scale Mail Armor |
| 22:09 | Investigar | Scale Mail Armor |
| 22:16 | Construir | Farm |
| 22:23 | Construir | Watch Tower |
| 22:43 | Crear | Militia |
| 22:44 | Crear | Militia |
| 22:48 | Crear | Villager (Male) |
| 22:56 | Crear | Villager (Male) |
| 23:11 | Crear | Villager (Male) |
| 23:16 | Construir | Mining Camp |
| 23:29 | Crear | Militia |
| 23:37 | Crear | Villager (Male) |
| 23:49 | Crear | Scorpion |
| 24:19 | Crear | Scorpion |
| 24:25 | Crear | Villager (Male) |
| 24:25 | Crear | Villager (Male) |
| 24:25 | Crear | Villager (Male) |
| 24:36 | Construir | Watch Tower |
| 24:53 | Crear | Villager (Male) |
| 25:25 | Crear | Villager (Male) |
| 26:10 | Construir | Watch Tower |
| 26:50 | Crear | Villager (Male) |
| 26:50 | Crear | Villager (Male) |
Build order — hiwu5743
Primeras 150 de 342 acciones detectadas
| 0:10 | Construir | Town Center |
| 1:55 | Construir | House |
| 2:38 | Crear | Villager (Male) |
| 2:39 | Crear | Villager (Male) |
| 2:39 | Crear | Villager (Male) |
| 2:39 | Crear | Villager (Male) |
| 3:54 | Construir | House |
| 4:00 | Crear | Villager (Male) |
| 4:07 | Construir | House |
| 4:33 | Crear | Villager (Male) |
| 5:03 | Crear | Villager (Male) |
| 5:03 | Crear | Villager (Male) |
| 5:25 | Crear | Villager (Male) |
| 5:30 | Construir | Palisade Wall |
| 5:43 | Crear | Villager (Male) |
| 5:51 | Construir | House |
| 6:05 | Crear | Villager (Male) |
| 6:05 | Crear | Villager (Male) |
| 6:07 | Construir | House |
| 6:16 | Crear | Villager (Male) |
| 6:17 | Crear | Villager (Male) |
| 6:50 | Crear | Villager (Male) |
| 6:53 | Construir | Lumber Camp |
| 7:12 | Crear | Villager (Male) |
| 7:12 | Crear | Villager (Male) |
| 7:20 | Construir | House |
| 7:38 | Crear | Villager (Male) |
| 7:51 | Construir | House |
| 7:53 | Construir | House |
| 7:59 | Crear | Villager (Male) |
| 8:09 | Crear | Villager (Male) |
| 8:43 | Crear | Villager (Male) |
| 8:59 | Crear | Villager (Male) |
| 9:10 | Construir | House |
| 9:24 | Construir | Mill |
| 9:27 | Construir | House |
| 9:37 | Construir | Mining Camp |
| 9:41 | Construir | House |
| 9:47 | Crear | Villager (Male) |
| 10:03 | Crear | Villager (Male) |
| 10:03 | Crear | Villager (Male) |
| 10:27 | Construir | Mining Camp |
| 10:52 | Crear | Villager (Male) |
| 11:00 | Construir | House |
| 11:15 | Construir | House |
| 11:32 | Construir | House |
| 11:44 | Investigar | Feudal Age |
| 11:47 | Construir | House |
| 12:19 | Crear | Villager (Male) |
| 12:20 | Crear | Villager (Male) |
| 13:59 | Edad | Edad Feudal |
| 14:03 | Construir | Market |
| 14:07 | Construir | Blacksmith |
| 14:28 | Construir | Palisade Gate |
| 14:57 | Investigar | Castle Age |
| 15:01 | Construir | House |
| 15:18 | Investigar | Loom |
| 15:29 | Investigar | Double-Bit Axe |
| 16:15 | Investigar | Horse Collar |
| 17:37 | Edad | Edad de los Castillos |
| 17:42 | Construir | Town Center |
| 17:46 | Construir | Castle |
| 17:54 | Investigar | Fletching |
| 17:55 | Investigar | Bow Saw |
| 17:57 | Crear | Villager (Male) |
| 18:12 | Crear | Villager (Male) |
| 18:16 | Construir | Farm |
| 18:16 | Construir | Farm |
| 18:21 | Construir | Farm |
| 18:24 | Crear | Villager (Male) |
| 19:05 | Crear | Villager (Male) |
| 19:09 | Crear | Rattan Archer |
| 19:15 | Crear | Rattan Archer |
| 19:23 | Crear | Rattan Archer |
| 19:25 | Crear | Villager (Male) |
| 19:38 | Construir | Outpost |
| 19:41 | Crear | Villager (Male) |
| 19:43 | Crear | Villager (Male) |
| 19:56 | Construir | Farm |
| 20:00 | Construir | Farm |
| 20:03 | Construir | Farm |
| 20:06 | Construir | Farm |
| 20:09 | Crear | Villager (Male) |
| 20:09 | Crear | Villager (Male) |
| 20:10 | Crear | Rattan Archer |
| 20:10 | Crear | Rattan Archer |
| 20:10 | Crear | Rattan Archer |
| 20:26 | Crear | Rattan Archer |
| 20:29 | Construir | Farm |
| 20:40 | Construir | Outpost |
| 20:45 | Crear | Rattan Archer |
| 20:52 | Investigar | Bodkin Arrow |
| 21:02 | Crear | Villager (Male) |
| 21:06 | Construir | Farm |
| 21:15 | Crear | Rattan Archer |
| 21:43 | Construir | Siege Workshop |
| 21:44 | Crear | Rattan Archer |
| 21:48 | Crear | Villager (Male) |
| 21:48 | Crear | Villager (Male) |
| 21:59 | Crear | Rattan Archer |
| 22:11 | Crear | Rattan Archer |
| 22:27 | Investigar | Wheelbarrow |
| 22:29 | Crear | Rattan Archer |
| 22:31 | Crear | Villager (Male) |
| 22:31 | Crear | Villager (Male) |
| 22:36 | Construir | House |
| 22:41 | Crear | Battering Ram |
| 22:47 | Crear | Villager (Male) |
| 22:53 | Construir | Farm |
| 22:54 | Crear | Rattan Archer |
| 23:02 | Crear | Villager (Male) |
| 23:02 | Crear | Villager (Male) |
| 23:10 | Construir | House |
| 23:43 | Investigar | Padded Archer Armor |
| 23:45 | Crear | Rattan Archer |
| 23:45 | Crear | Rattan Archer |
| 23:47 | Crear | Villager (Male) |
| 23:47 | Crear | Villager (Male) |
| 24:11 | Crear | Battering Ram |
| 24:13 | Construir | House |
| 24:14 | Crear | Villager (Male) |
| 24:14 | Crear | Villager (Male) |
| 24:15 | Crear | Villager (Male) |
| 24:18 | Construir | Lumber Camp |
| 24:25 | Crear | Rattan Archer |
| 24:46 | Crear | Villager (Male) |
| 25:02 | Crear | Rattan Archer |
| 25:03 | Crear | Rattan Archer |
| 25:28 | Crear | Battering Ram |
| 25:30 | Crear | Villager (Male) |
| 25:31 | Crear | Villager (Male) |
| 25:51 | Crear | Villager (Male) |
| 25:56 | Crear | Villager (Male) |
| 25:56 | Crear | Villager (Male) |
| 25:56 | Crear | Villager (Male) |
| 25:57 | Crear | Villager (Male) |
| 26:01 | Crear | Rattan Archer |
| 26:01 | Crear | Rattan Archer |
| 26:05 | Construir | Town Center |
| 26:20 | Construir | University |
| 26:21 | Crear | Villager (Male) |
| 26:21 | Crear | Villager (Male) |
| 26:31 | Crear | Rattan Archer |
| 26:31 | Crear | Rattan Archer |
| 26:32 | Crear | Rattan Archer |
| 26:53 | Crear | Rattan Archer |
| 26:53 | Crear | Rattan Archer |
| 27:18 | Crear | Rattan Archer |
| 27:28 | Construir | House |
| 27:29 | Construir | House |
Build order — bitotapi
Primeras 150 de 354 acciones detectadas
| 0:49 | Construir | Town Center |
| 2:22 | Construir | House |
| 2:55 | Crear | Villager (Male) |
| 3:01 | Crear | Villager (Male) |
| 3:02 | Crear | Villager (Male) |
| 3:02 | Crear | Villager (Male) |
| 3:20 | Investigar | Loom |
| 3:23 | Crear | Villager (Male) |
| 3:24 | Crear | Villager (Male) |
| 3:24 | Crear | Villager (Male) |
| 3:24 | Crear | Villager (Male) |
| 4:46 | Crear | Villager (Male) |
| 4:51 | Construir | House |
| 4:54 | Crear | Villager (Male) |
| 5:16 | Crear | Villager (Male) |
| 6:36 | Crear | Villager (Male) |
| 6:43 | Crear | Villager (Male) |
| 6:43 | Crear | Villager (Male) |
| 6:47 | Crear | Villager (Male) |
| 6:48 | Crear | Villager (Male) |
| 7:09 | Construir | Mill |
| 7:31 | Construir | House |
| 7:34 | Construir | House |
| 7:46 | Crear | Villager (Male) |
| 7:46 | Crear | Villager (Male) |
| 7:47 | Crear | Villager (Male) |
| 8:31 | Crear | Villager (Male) |
| 8:32 | Crear | Villager (Male) |
| 8:32 | Crear | Villager (Male) |
| 8:52 | Crear | Villager (Male) |
| 8:52 | Crear | Villager (Male) |
| 9:45 | Construir | Lumber Camp |
| 9:51 | Crear | Villager (Male) |
| 11:35 | Investigar | Feudal Age |
| 11:38 | Crear | Villager (Male) |
| 11:38 | Crear | Villager (Male) |
| 11:45 | Construir | Palisade Wall |
| 12:51 | Construir | Palisade Wall |
| 12:52 | Construir | House |
| 13:47 | Edad | Edad Feudal |
| 13:48 | Construir | Market |
| 13:52 | Construir | Blacksmith |
| 13:59 | Crear | Villager (Male) |
| 14:03 | Investigar | Double-Bit Axe |
| 14:18 | Construir | House |
| 14:31 | Construir | Mining Camp |
| 14:42 | Investigar | Castle Age |
| 14:42 | Investigar | Castle Age |
| 14:52 | Construir | House |
| 14:54 | Investigar | Horse Collar |
| 15:05 | Construir | Farm |
| 15:13 | Construir | Farm |
| 15:17 | Construir | Farm |
| 15:26 | Construir | Palisade Wall |
| 15:37 | Construir | Farm |
| 15:50 | Construir | Farm |
| 15:56 | Crear | Villager (Male) |
| 16:14 | Construir | Farm |
| 16:19 | Construir | Farm |
| 17:04 | Construir | House |
| 17:17 | Crear | Villager (Male) |
| 17:22 | Edad | Edad de los Castillos |
| 17:25 | Construir | Town Center |
| 17:48 | Construir | Town Center |
| 17:55 | Crear | Villager (Male) |
| 17:59 | Construir | Farm |
| 18:16 | Crear | Villager (Male) |
| 18:20 | Construir | Farm |
| 18:30 | Construir | Farm |
| 18:32 | Crear | Villager (Male) ×3 |
| 18:47 | Construir | Farm |
| 18:48 | Crear | Villager (Male) |
| 18:57 | Construir | Farm |
| 18:58 | Crear | Villager (Male) |
| 19:12 | Construir | Farm |
| 19:13 | Crear | Villager (Male) |
| 19:20 | Construir | House |
| 19:21 | Construir | House |
| 19:28 | Construir | Farm |
| 19:31 | Construir | Farm |
| 19:33 | Crear | Villager (Male) |
| 19:43 | Crear | Villager (Male) |
| 19:52 | Construir | Farm |
| 19:59 | Construir | Farm |
| 20:01 | Crear | Villager (Male) |
| 20:04 | Construir | House |
| 20:09 | Construir | Farm |
| 20:11 | Crear | Villager (Male) |
| 20:15 | Construir | Farm |
| 20:18 | Crear | Villager (Male) |
| 20:32 | Construir | Farm |
| 20:33 | Crear | Villager (Male) |
| 20:49 | Crear | Villager (Male) ×2 |
| 20:55 | Construir | House |
| 21:02 | Construir | Gate |
| 21:13 | Crear | Villager (Male) ×2 |
| 21:14 | Crear | Villager (Male) |
| 21:20 | Construir | Town Center |
| 21:32 | Crear | Villager (Male) |
| 21:46 | Construir | Farm |
| 21:48 | Construir | Farm |
| 21:51 | Crear | Villager (Male) ×3 |
| 22:14 | Construir | Stone Wall |
| 22:18 | Construir | Farm |
| 22:19 | Construir | Farm |
| 22:22 | Crear | Villager (Male) ×4 |
| 22:25 | Construir | Farm |
| 22:27 | Construir | Farm |
| 22:29 | Construir | Farm |
| 22:32 | Crear | Villager (Male) |
| 22:32 | Crear | Villager (Male) |
| 22:50 | Construir | Farm |
| 22:52 | Crear | Villager (Male) ×3 |
| 23:01 | Crear | Villager (Male) |
| 23:05 | Construir | House |
| 23:05 | Construir | House |
| 23:11 | Crear | Villager (Male) |
| 23:16 | Construir | Farm |
| 23:17 | Construir | Farm |
| 23:18 | Crear | Villager (Male) ×2 |
| 23:21 | Construir | Farm |
| 23:22 | Crear | Villager (Male) |
| 23:35 | Crear | Villager (Male) |
| 23:46 | Crear | Villager (Male) ×2 |
| 23:51 | Construir | Town Center |
| 23:55 | Construir | House |
| 24:07 | Investigar | Wheelbarrow |
| 24:14 | Crear | Villager (Male) |
| 24:16 | Construir | Farm |
| 24:26 | Construir | Gate |
| 24:35 | Construir | House |
| 24:38 | Construir | House |
| 24:39 | Construir | House |
| 24:43 | Construir | Siege Workshop |
| 24:49 | Construir | Stone Wall |
| 24:53 | Construir | Stone Wall |
| 24:55 | Construir | Stone Wall |
| 25:50 | Construir | Stone Wall |
| 27:10 | Investigar | Hand Cart |
| 27:10 | Investigar | Hand Cart |
| 27:19 | Construir | House |
| 27:21 | Construir | Stone Wall |
| 27:43 | Construir | House |
| 27:55 | Construir | Palisade Wall |
| 27:59 | Construir | Stone Wall |
| 28:01 | Construir | Stone Wall |
| 28:07 | Construir | Stone Wall |
| 28:09 | Construir | Town Center |
| 28:30 | Construir | Stone Wall |
| 28:36 | Crear | Mangonel |
Build order — TheEverestHeart
Primeras 150 de 549 acciones detectadas
| 0:14 | Construir | Town Center |
| 2:01 | Construir | House |
| 2:21 | Crear | Villager (Male) |
| 2:21 | Crear | Villager (Male) |
| 2:21 | Crear | Villager (Male) |
| 2:21 | Crear | Villager (Male) |
| 2:21 | Crear | Villager (Male) |
| 2:46 | Construir | Lumber Camp |
| 3:45 | Crear | Villager (Male) |
| 3:45 | Crear | Villager (Male) |
| 3:45 | Crear | Villager (Male) |
| 3:45 | Crear | Villager (Male) |
| 3:45 | Crear | Villager (Male) |
| 3:45 | Crear | Villager (Male) |
| 3:45 | Crear | Villager (Male) |
| 4:19 | Construir | House |
| 4:32 | Investigar | Loom |
| 5:00 | Construir | House |
| 5:03 | Crear | Villager (Male) |
| 5:03 | Crear | Villager (Male) |
| 5:03 | Crear | Villager (Male) |
| 5:03 | Crear | Villager (Male) |
| 5:03 | Crear | Villager (Male) |
| 5:03 | Crear | Villager (Male) |
| 5:03 | Crear | Villager (Male) |
| 5:03 | Crear | Villager (Male) |
| 5:03 | Crear | Villager (Male) |
| 5:24 | Crear | Villager (Male) |
| 5:24 | Crear | Villager (Male) |
| 5:24 | Crear | Villager (Male) |
| 5:24 | Crear | Villager (Male) |
| 5:24 | Crear | Villager (Male) |
| 5:24 | Crear | Villager (Male) |
| 5:24 | Crear | Villager (Male) |
| 5:47 | Crear | Villager (Male) |
| 5:47 | Crear | Villager (Male) |
| 5:47 | Crear | Villager (Male) |
| 5:47 | Crear | Villager (Male) |
| 5:47 | Crear | Villager (Male) |
| 5:47 | Crear | Villager (Male) |
| 6:20 | Crear | Villager (Male) |
| 6:20 | Crear | Villager (Male) |
| 6:20 | Crear | Villager (Male) |
| 6:20 | Crear | Villager (Male) |
| 6:20 | Crear | Villager (Male) |
| 6:21 | Crear | Villager (Male) |
| 6:21 | Crear | Villager (Male) |
| 6:23 | Crear | Villager (Male) |
| 6:23 | Crear | Villager (Male) |
| 6:23 | Crear | Villager (Male) |
| 6:23 | Crear | Villager (Male) |
| 6:23 | Crear | Villager (Male) |
| 6:23 | Crear | Villager (Male) |
| 6:23 | Crear | Villager (Male) |
| 6:23 | Crear | Villager (Male) |
| 6:23 | Crear | Villager (Male) |
| 6:43 | Crear | Villager (Male) |
| 6:43 | Crear | Villager (Male) |
| 6:43 | Crear | Villager (Male) |
| 6:43 | Crear | Villager (Male) |
| 6:43 | Crear | Villager (Male) |
| 6:43 | Crear | Villager (Male) |
| 6:43 | Crear | Villager (Male) |
| 6:55 | Construir | Mill |
| 7:32 | Crear | Villager (Male) |
| 7:32 | Crear | Villager (Male) |
| 7:32 | Crear | Villager (Male) |
| 7:32 | Crear | Villager (Male) |
| 7:39 | Construir | House |
| 8:03 | Crear | Villager (Male) |
| 8:03 | Crear | Villager (Male) |
| 8:03 | Crear | Villager (Male) |
| 8:03 | Crear | Villager (Male) |
| 8:03 | Crear | Villager (Male) |
| 8:03 | Crear | Villager (Male) |
| 8:24 | Crear | Villager (Male) |
| 8:24 | Crear | Villager (Male) |
| 8:24 | Crear | Villager (Male) |
| 8:24 | Crear | Villager (Male) |
| 8:24 | Crear | Villager (Male) |
| 8:24 | Crear | Villager (Male) |
| 8:24 | Crear | Villager (Male) |
| 8:29 | Crear | Villager (Male) |
| 8:29 | Crear | Villager (Male) |
| 8:29 | Crear | Villager (Male) |
| 8:29 | Crear | Villager (Male) |
| 8:29 | Crear | Villager (Male) |
| 8:29 | Crear | Villager (Male) |
| 9:13 | Construir | House |
| 9:22 | Crear | Villager (Male) |
| 9:58 | Crear | Villager (Male) |
| 10:27 | Investigar | Feudal Age |
| 11:05 | Construir | Mill |
| 12:23 | Construir | Mill |
| 12:38 | Crear | Villager (Male) |
| 12:38 | Crear | Villager (Male) |
| 12:49 | Construir | Stable |
| 13:15 | Investigar | Double-Bit Axe |
| 13:18 | Construir | House |
| 13:39 | Crear | Villager (Male) |
| 13:39 | Crear | Villager (Male) |
| 13:45 | Crear | Scout Cavalry |
| 13:45 | Crear | Scout Cavalry |
| 13:47 | Crear | Scout Cavalry |
| 14:08 | Construir | Mining Camp |
| 14:15 | Crear | Villager (Male) |
| 14:32 | Crear | Villager (Male) |
| 14:59 | Construir | House |
| 15:06 | Crear | Villager (Male) |
| 15:19 | Investigar | Horse Collar |
| 15:29 | Construir | House |
| 15:39 | Crear | Villager (Male) |
| 16:03 | Crear | Villager (Male) |
| 16:08 | Construir | Farm |
| 16:33 | Crear | Villager (Male) |
| 16:36 | Construir | Farm |
| 16:41 | Construir | Farm |
| 16:44 | Construir | Farm |
| 17:06 | Investigar | Castle Age |
| 17:37 | Construir | Blacksmith |
| 17:39 | Construir | Stable |
| 17:45 | Construir | Farm |
| 18:05 | Construir | Farm |
| 18:07 | Construir | Farm |
| 18:09 | Construir | Farm |
| 18:12 | Construir | Farm |
| 18:29 | Investigar | Scale Barding Armor |
| 18:56 | Construir | House |
| 19:00 | Investigar | Gold Mining |
| 19:24 | Investigar | Bloodlines |
| 19:46 | Crear | Villager (Male) |
| 19:50 | Crear | Knight |
| 20:06 | Construir | Siege Workshop |
| 20:13 | Construir | Siege Workshop |
| 20:14 | Crear | Villager (Male) |
| 20:23 | Crear | Villager (Male) |
| 20:31 | Investigar | Bow Saw |
| 20:31 | Investigar | Bow Saw |
| 20:32 | Investigar | Bow Saw |
| 21:13 | Construir | Farm |
| 21:15 | Construir | Farm |
| 21:24 | Construir | House |
| 21:25 | Crear | Villager (Male) |
| 21:35 | Crear | Battering Ram |
| 21:42 | Crear | Knight |
| 21:42 | Crear | Knight |
| 21:42 | Crear | Knight |
| 21:42 | Crear | Knight |
| 21:42 | Crear | Knight |
| 21:46 | Crear | Villager (Male) |
Build order — Koalajoey
Primeras 150 de 295 acciones detectadas
| 0:39 | Construir | Town Center |
| 2:01 | Construir | House |
| 2:23 | Crear | Villager (Male) |
| 2:24 | Crear | Villager (Male) |
| 2:24 | Crear | Villager (Male) |
| 2:24 | Crear | Villager (Male) |
| 3:02 | Construir | Palisade Wall |
| 3:57 | Construir | House |
| 3:59 | Crear | Villager (Male) |
| 4:25 | Crear | Villager (Male) |
| 4:39 | Construir | Mill |
| 4:47 | Crear | Villager (Male) |
| 5:05 | Crear | Villager (Male) |
| 5:37 | Crear | Villager (Male) |
| 5:39 | Crear | Villager (Male) |
| 6:29 | Crear | Villager (Male) |
| 6:32 | Crear | Villager (Male) |
| 6:52 | Construir | Palisade Wall |
| 6:54 | Crear | Villager (Male) |
| 6:58 | Construir | Palisade Wall |
| 7:01 | Construir | Palisade Wall |
| 7:03 | Crear | Villager (Male) |
| 7:04 | Crear | Villager (Male) |
| 7:11 | Construir | Palisade Wall |
| 7:18 | Construir | Palisade Wall |
| 7:26 | Construir | House |
| 7:33 | Crear | Villager (Male) |
| 7:43 | Crear | Villager (Male) |
| 7:44 | Crear | Villager (Male) |
| 8:35 | Crear | Villager (Male) |
| 8:55 | Crear | Villager (Male) |
| 9:10 | Construir | Farm |
| 9:14 | Construir | Palisade Wall |
| 9:22 | Construir | House |
| 9:26 | Construir | Palisade Wall |
| 9:33 | Construir | Palisade Wall |
| 9:36 | Construir | Palisade Wall |
| 9:38 | Crear | Villager (Male) |
| 9:43 | Construir | Palisade Wall |
| 9:48 | Construir | Palisade Wall |
| 10:02 | Construir | Mining Camp |
| 10:15 | Crear | Villager (Male) |
| 10:20 | Construir | Mill |
| 10:33 | Investigar | Feudal Age |
| 12:30 | Construir | Farm |
| 12:50 | Edad | Edad Feudal |
| 12:53 | Crear | Villager (Male) |
| 12:55 | Construir | Barracks |
| 12:58 | Construir | Blacksmith |
| 13:04 | Construir | Blacksmith |
| 13:09 | Construir | Farm |
| 13:38 | Crear | Eagle Scout |
| 13:38 | Crear | Eagle Scout |
| 13:38 | Crear | Eagle Scout |
| 13:41 | Crear | Villager (Male) |
| 13:43 | Construir | Farm |
| 13:52 | Crear | Villager (Male) |
| 13:55 | Construir | Farm |
| 14:10 | Construir | House |
| 14:11 | Construir | House |
| 14:14 | Investigar | Wheelbarrow |
| 15:06 | Crear | Villager (Male) |
| 15:18 | Construir | Market |
| 16:06 | Investigar | Loom |
| 16:09 | Construir | Farm |
| 16:26 | Crear | Villager (Male) |
| 16:57 | Investigar | Castle Age |
| 17:11 | Construir | Farm |
| 17:25 | Investigar | Horse Collar |
| 18:36 | Construir | Farm |
| 18:41 | Construir | Lumber Camp |
| 19:21 | Crear | Eagle Scout |
| 19:37 | Edad | Edad de los Castillos |
| 19:39 | Investigar | Eagle Warrior (upgrade) |
| 19:41 | Investigar | Forging |
| 19:42 | Construir | Town Center |
| 19:43 | Crear | Villager (Male) |
| 20:29 | Crear | Eagle Scout |
| 20:41 | Crear | Eagle Scout |
| 20:42 | Crear | Villager (Male) |
| 21:01 | Crear | Villager (Male) |
| 21:08 | Crear | Villager (Male) |
| 21:14 | Crear | Villager (Male) |
| 21:16 | Crear | Villager (Male) |
| 21:17 | Crear | Villager (Male) |
| 21:20 | Construir | Farm |
| 21:21 | Construir | Farm |
| 21:38 | Construir | Farm |
| 21:41 | Construir | Farm |
| 21:42 | Construir | Farm |
| 21:45 | Crear | Eagle Scout |
| 21:47 | Investigar | Scale Mail Armor |
| 22:01 | Construir | Farm |
| 22:05 | Crear | Eagle Scout |
| 22:10 | Construir | Farm |
| 22:14 | Crear | Villager (Male) |
| 22:14 | Crear | Villager (Male) |
| 22:17 | Crear | Villager (Male) |
| 22:17 | Crear | Villager (Male) |
| 22:30 | Crear | Villager (Male) |
| 22:38 | Crear | Villager (Male) |
| 22:38 | Crear | Villager (Male) |
| 22:48 | Crear | Villager (Male) |
| 22:51 | Construir | House |
| 23:01 | Crear | Villager (Male) |
| 23:14 | Construir | Town Center |
| 23:23 | Crear | Villager (Male) |
| 23:24 | Crear | Villager (Male) |
| 23:39 | Construir | Farm |
| 23:50 | Crear | Villager (Male) |
| 23:59 | Crear | Villager (Male) |
| 24:12 | Construir | House |
| 24:13 | Construir | House |
| 24:13 | Construir | House |
| 24:13 | Construir | House |
| 24:13 | Construir | House |
| 24:18 | Crear | Villager (Male) |
| 24:18 | Crear | Villager (Male) |
| 24:28 | Investigar | Chain Mail Armor |
| 24:41 | Crear | Villager (Male) |
| 24:44 | Construir | Farm |
| 24:49 | Crear | Eagle Scout |
| 24:52 | Investigar | Gambesons |
| 24:52 | Investigar | Squires |
| 24:52 | Investigar | Arson |
| 24:55 | Crear | Villager (Male) ×2 |
| 25:04 | Crear | Villager (Male) |
| 25:15 | Crear | Villager (Male) |
| 25:18 | Construir | Farm |
| 25:39 | Crear | Villager (Male) |
| 25:42 | Crear | Eagle Scout |
| 25:42 | Crear | Eagle Scout |
| 25:56 | Crear | Villager (Male) |
| 26:09 | Crear | Villager (Male) |
| 26:16 | Crear | Eagle Scout |
| 26:18 | Crear | Villager (Male) ×4 |
| 26:18 | Crear | Villager (Male) |
| 26:20 | Construir | Farm |
| 26:22 | Construir | Farm |
| 26:23 | Construir | Farm |
| 26:24 | Construir | Farm |
| 26:27 | Crear | Villager (Male) |
| 26:29 | Crear | Villager (Male) |
| 26:30 | Construir | Farm |
| 26:40 | Crear | Villager (Male) |
| 27:03 | Crear | Eagle Scout |
| 27:03 | Crear | Eagle Scout |
| 27:05 | Crear | Villager (Male) |
| 27:14 | Crear | Villager (Male) |
| 27:18 | Construir | Farm |
Build order — pjg96878
107 acciones detectadas en el replay
| 0:43 | Construir | Town Center |
| 2:09 | Construir | House |
| 2:11 | Construir | House |
| 2:12 | Construir | House |
| 2:13 | Construir | House |
| 2:29 | Crear | Villager (Male) |
| 2:30 | Crear | Villager (Male) |
| 2:30 | Crear | Villager (Male) |
| 2:30 | Crear | Villager (Male) |
| 3:35 | Investigar | Loom |
| 4:19 | Crear | Villager (Male) |
| 4:19 | Crear | Villager (Male) |
| 5:16 | Crear | Villager (Male) |
| 5:16 | Crear | Villager (Male) |
| 5:51 | Crear | Villager (Male) |
| 5:51 | Crear | Villager (Male) |
| 5:51 | Crear | Villager (Male) |
| 5:53 | Crear | Villager (Male) |
| 6:43 | Crear | Villager (Male) |
| 6:43 | Crear | Villager (Male) |
| 6:44 | Crear | Villager (Male) |
| 6:54 | Crear | Villager (Male) |
| 7:15 | Construir | Mill |
| 7:20 | Crear | Villager (Male) |
| 7:21 | Crear | Villager (Male) |
| 7:37 | Crear | Villager (Male) |
| 7:49 | Crear | Villager (Male) |
| 8:03 | Crear | Villager (Male) |
| 8:04 | Crear | Villager (Male) |
| 9:22 | Crear | Villager (Male) |
| 9:23 | Crear | Villager (Male) |
| 9:23 | Crear | Villager (Male) |
| 9:23 | Crear | Villager (Male) |
| 10:26 | Construir | Mill |
| 10:33 | Crear | Villager (Male) |
| 10:33 | Crear | Villager (Male) |
| 10:33 | Crear | Villager (Male) |
| 11:01 | Construir | Mining Camp |
| 11:10 | Crear | Villager (Male) |
| 11:10 | Crear | Villager (Male) |
| 11:39 | Investigar | Feudal Age |
| 13:21 | Construir | Palisade Wall |
| 13:51 | Edad | Edad Feudal |
| 13:56 | Construir | Market |
| 14:03 | Construir | Blacksmith |
| 14:09 | Construir | House |
| 14:14 | Construir | Palisade Wall |
| 14:15 | Construir | Palisade Wall |
| 14:19 | Crear | Villager (Male) |
| 14:20 | Crear | Villager (Male) |
| 14:20 | Crear | Villager (Male) |
| 15:19 | Construir | House |
| 15:20 | Construir | House |
| 15:28 | Investigar | Castle Age |
| 15:35 | Construir | Mining Camp |
| 16:15 | Construir | House |
| 16:17 | Construir | House |
| 16:22 | Construir | Palisade Wall |
| 16:23 | Construir | Palisade Wall |
| 16:36 | Construir | House |
| 16:37 | Construir | House |
| 17:40 | Construir | House |
| 17:42 | Construir | House |
| 18:08 | Edad | Edad de los Castillos |
| 18:11 | Crear | Villager (Male) |
| 18:11 | Crear | Villager (Male) |
| 18:12 | Crear | Villager (Male) |
| 19:30 | Construir | Town Center |
| 20:03 | Construir | Farm |
| 20:45 | Construir | Farm |
| 20:46 | Construir | Farm |
| 20:48 | Construir | Farm |
| 21:59 | Construir | Farm |
| 22:02 | Construir | Farm |
| 22:06 | Construir | Farm |
| 22:37 | Construir | Barracks |
| 22:45 | Construir | Farm |
| 22:48 | Crear | Villager (Male) |
| 22:48 | Crear | Villager (Male) |
| 22:49 | Crear | Villager (Male) |
| 22:56 | Construir | Farm |
| 23:10 | Construir | Farm |
| 23:26 | Construir | Farm |
| 23:29 | Crear | Villager (Male) |
| 23:29 | Crear | Villager (Male) |
| 23:29 | Crear | Villager (Male) |
| 23:46 | Crear | Villager (Male) |
| 23:47 | Crear | Villager (Male) |
| 23:47 | Crear | Villager (Male) |
| 23:57 | Construir | Lumber Camp |
| 24:07 | Crear | Villager (Male) |
| 24:07 | Crear | Villager (Male) |
| 24:07 | Crear | Villager (Male) |
| 24:23 | Construir | Farm |
| 24:33 | Construir | Farm |
| 24:48 | Crear | Villager (Male) |
| 24:48 | Crear | Villager (Male) |
| 24:49 | Crear | Villager (Male) |
| 24:53 | Crear | Villager (Male) |
| 24:53 | Crear | Villager (Male) |
| 24:56 | Crear | Villager (Male) |
| 24:57 | Crear | Villager (Male) |
| 24:57 | Crear | Villager (Male) |
| 25:00 | Crear | Spearman |
| 25:00 | Crear | Spearman |
| 25:14 | Investigar | Pikeman (upgrade) |
| 25:21 | Construir | Farm |
Cronología de la partida
| 3:02 | Koalajoey · wall_segment Palisade Wall x1 |
| 5:30 | hiwu5743 · wall_segment Palisade Wall x1 |
| 6:52 | Koalajoey · wall_segment Palisade Wall x1 |
| 6:58 | Koalajoey · wall_segment Palisade Wall x1 |
| 7:01 | Koalajoey · wall_segment Palisade Wall x1 |
| 7:11 | Koalajoey · wall_segment Palisade Wall x1 |
| 7:18 | Koalajoey · wall_segment Palisade Wall x1 |
| 7:46 | time to eat · wall_segment Palisade Wall x4 |
| 8:39 | time to eat · wall_segment Palisade Wall x1 |
| 8:49 | time to eat · wall_segment Palisade Wall x5 |
| 9:14 | Koalajoey · wall_segment Palisade Wall x1 |
| 9:26 | Koalajoey · wall_segment Palisade Wall x1 |
| 9:33 | Koalajoey · wall_segment Palisade Wall x1 |
| 9:36 | Koalajoey · wall_segment Palisade Wall x1 |
| 9:43 | Koalajoey · wall_segment Palisade Wall x1 |
| 9:48 | Koalajoey · wall_segment Palisade Wall x1 |
| 10:21 | sillyoyo · first_building Barracks |
| 11:45 | bitotapi · wall_segment Palisade Wall x10 |
| 12:10 | time to eat · first_building Barracks |
| 12:49 | TheEverestHeart · first_building Stable |
| 12:50 | Koalajoey · age_up feudal |
| 12:51 | bitotapi · wall_segment Palisade Wall x3 |
| 12:55 | Koalajoey · first_building Barracks |
| 13:21 | pjg96878 · wall_segment Palisade Wall x13 |
| 13:41 | Nozyspy · wall_segment Palisade Wall x6 |
| 13:46 | Nozyspy · wall_segment Palisade Wall x5 |
| 13:47 | bitotapi · age_up feudal |
| 13:47 | Nozyspy · wall_segment Palisade Wall x12 |
| 13:51 | pjg96878 · age_up feudal |
| 13:59 | hiwu5743 · age_up feudal |
| 14:14 | pjg96878 · wall_segment Palisade Wall x1 |
| 14:15 | pjg96878 · wall_segment Palisade Wall x1 |
| 14:38 | bitotapi · first_market_sell 100 stone |
| 15:07 | time to eat · age_up feudal |
| 15:21 | Nozyspy · age_up feudal |
| 15:26 | bitotapi · wall_segment Palisade Wall x11 |
| 15:45 | sillyoyo · age_up feudal |
| 15:58 | time to eat · first_market_sell 100 stone |
| 16:15 | sillyoyo · first_building Siege Workshop |
| 16:16 | Nozyspy · wall_segment Palisade Wall x10 |
| 16:22 | pjg96878 · wall_segment Palisade Wall x1 |
| 16:23 | pjg96878 · wall_segment Palisade Wall x1 |
| 16:56 | Koalajoey · first_market_sell 100 food |
| 17:07 | Nozyspy · first_building Barracks |
| 17:22 | bitotapi · age_up castle |
| 17:25 | Nozyspy · wall_segment Palisade Wall x3 |
| 17:37 | hiwu5743 · age_up castle |
| 17:46 | hiwu5743 · first_building Castle |
| 18:03 | Nozyspy · first_building Archery Range |
| 18:08 | pjg96878 · age_up castle |
| 18:40 | time to eat · age_up castle |
| 18:45 | time to eat · first_building Castle |
| 18:58 | Nozyspy · first_market_sell 100 food |
| 18:59 | Nozyspy · first_market_buy 100 stone |
| 19:01 | sillyoyo · wall_segment Palisade Wall x2 |
| 19:20 | sillyoyo · age_up castle |
| 19:26 | Nozyspy · age_up castle |
| 19:28 | Nozyspy · first_building Castle |
| 19:37 | Koalajoey · age_up castle |
| 20:03 | time to eat · first_building Siege Workshop |
| 20:06 | TheEverestHeart · first_building Siege Workshop |
| 21:43 | hiwu5743 · first_building Siege Workshop |
| 22:14 | bitotapi · wall_segment Stone Wall x7 |
| 22:20 | Koalajoey · first_market_buy 100 food |
| 22:37 | pjg96878 · first_building Barracks |
| 24:43 | bitotapi · first_building Siege Workshop |
| 24:49 | time to eat · first_market_buy 100 wood |
| 24:49 | bitotapi · wall_segment Stone Wall x5 |
| 24:53 | bitotapi · wall_segment Stone Wall x1 |
| 24:55 | bitotapi · wall_segment Stone Wall x1 |
| 25:50 | bitotapi · wall_segment Stone Wall x2 |
| 26:36 | pjg96878 · resign |
| 27:21 | bitotapi · wall_segment Stone Wall x1 |
| 27:55 | bitotapi · wall_segment Palisade Wall x1 |
| 27:59 | bitotapi · wall_segment Stone Wall x1 |
| 28:01 | bitotapi · wall_segment Stone Wall x1 |
| 28:07 | bitotapi · wall_segment Stone Wall x1 |
| 28:30 | bitotapi · wall_segment Stone Wall x3 |
| 29:00 | hiwu5743 · first_building Barracks |
| 29:45 | Nozyspy · first_building Siege Workshop |
| 30:29 | bitotapi · first_building Monastery |
| 31:37 | Nozyspy · wall_segment Stone Wall x3 |
| 31:44 | Nozyspy · wall_segment Stone Wall x5 |
| 31:53 | Koalajoey · first_building Monastery |
| 31:57 | Nozyspy · wall_segment Stone Wall x5 |
| 32:01 | bitotapi · wall_segment Stone Wall x1 |
| 32:15 | bitotapi · first_building Donjon |
| 32:44 | Koalajoey · first_building Castle |
| 33:42 | bitotapi · wall_segment Stone Wall x4 |
| 34:11 | bitotapi · wall_segment Stone Wall x1 |
| 34:15 | bitotapi · age_up imperial |
| 34:55 | bitotapi · first_building Barracks |
| 36:18 | bitotapi · wall_segment Stone Wall x4 |
| 36:44 | bitotapi · first_building Castle |
| 36:57 | time to eat · age_up imperial |
| 37:03 | Koalajoey · age_up imperial |
| 37:38 | hiwu5743 · age_up imperial |
| 37:55 | TheEverestHeart · first_market_buy 100 stone |
| 40:27 | bitotapi · wall_segment Stone Wall x4 |
| 40:32 | TheEverestHeart · first_market_sell 100 food |
| 41:19 | Nozyspy · first_building Stable |
[ ANÁLISIS IA · 1 CRÉDITO ]
¿Qué pasó realmente en esta partida?
Wolo.gg analiza cada decisión: build order, eco, micro, errores típicos por bracket. Análisis personalizado por WhatsApp o Discord en 30 segundos.
Guía civ
Magiares
Guía mapa
Land Nomad
Perfil
Nozyspy